General information
- name: BNet
- type: Ladder 1vs1/FFA
- host: Battle.net
- saver: dogsandhorse.ru
map: GnollWood
- players: 2
- length: 57:28
- speed: Fast
- version: 1.24 W3XP
- replay type:

» download(189 KB)
Players
team 1 (winner)
dogsandhorse.ru (
green | 109 APM | 6256 actions | 57:28)
10 Blademaster
3 Wind Walk
3 Critical Strike
1 Bladestorm
3 Mirror Image
» actions
| Assign group hotkey | 17 | |
| Basic commands | 130 | |
| Build / train | 117 | |
| Enter build submenu | 153 | |
| Enter hero's abilities submenu | 10 | |
| Give item / drop item | 17 | |
| Remove unit from queue | 5 | |
| Right click | 4132 | |
| Select / deselect | 625 | |
| Select group hotkey | 749 | |
| Use ability | 297 | |
6256 total
» units
| Peon | 26 | |
| Troll Batrider | 33 | |
| Troll Witch Doctor | 1 | |
60 total
» upgrades
| Ranged Weapons | 3 | |
| Reinforced Defenses | 1 | |
| Liquid Fire | 1 | |
| Armor | 2 | |
| Spiked Barricades | 0 | |
| Burning Oil | 1 | |
| Witch Doctor Training | 2 | |
10 total
» buildings
| Altar of Storms | 2 | |
| Orc Burrow | 9 | |
| War Mill | 3 | |
| Voodoo Lounge | 3 | |
| Watch Tower | 94 | |
| Stronghold | 5 | |
| Beastiary | 5 | |
| Fortress | 2 | |
| Great Hall | 5 | |
| Barracks | 2 | |
| Spirit Lodge | 1 | |
131 total
» build order
00:20 Altar of Storms
00:23 Orc Burrow
00:47 War Mill
01:09 Voodoo Lounge
01:24 Voodoo Lounge
02:03 Watch Tower
02:41 Watch Tower
03:02 Stronghold
03:16 Orc Burrow
03:33 Watch Tower
04:57 Watch Tower
05:27 Beastiary
05:30 Beastiary
06:23 Watch Tower
06:47 Beastiary
06:50 Fortress
07:23 Orc Burrow
07:40 Watch Tower
07:40 Watch Tower
07:41 Watch Tower
09:03 Orc Burrow
10:42 Great Hall
10:46 Watch Tower
10:58 Watch Tower
11:09 Watch Tower
11:58 Watch Tower
12:42 Watch Tower
13:00 Watch Tower
13:34 Watch Tower
13:46 Watch Tower
17:27 Watch Tower
17:30 Watch Tower
17:32 Watch Tower
18:24 Watch Tower
18:25 Watch Tower
18:26 Watch Tower
18:27 Watch Tower
18:28 Watch Tower
18:28 Watch Tower
18:58 Watch Tower
18:59 Watch Tower
19:11 Watch Tower
19:44 Watch Tower
19:49 Watch Tower
20:26 Watch Tower
21:21 Barracks
21:29 Barracks
23:47 Watch Tower
23:52 Watch Tower
24:02 Watch Tower
24:03 Watch Tower
28:13 Watch Tower
28:14 Watch Tower
28:16 Watch Tower
28:27 Watch Tower
28:27 Watch Tower
28:29 Watch Tower
28:29 Watch Tower
28:53 War Mill
29:00 War Mill
30:28 Voodoo Lounge
30:42 Great Hall
30:45 Watch Tower
30:46 Watch Tower
30:46 Watch Tower
30:47 Watch Tower
30:49 Watch Tower
30:49 Watch Tower
30:51 Watch Tower
31:06 Watch Tower
31:26 Watch Tower
31:49 Watch Tower
32:53 Watch Tower
32:54 Watch Tower
32:57 Watch Tower
32:58 Watch Tower
32:59 Watch Tower
33:00 Watch Tower
33:05 Watch Tower
34:44 Watch Tower
34:45 Watch Tower
34:47 Watch Tower
35:23 Watch Tower
35:25 Watch Tower
36:00 Watch Tower
36:55 Watch Tower
36:57 Watch Tower
37:41 Watch Tower
37:43 Watch Tower
37:44 Watch Tower
37:46 Watch Tower
37:53 Watch Tower
37:54 Watch Tower
37:55 Watch Tower
38:06 Watch Tower
41:05 Great Hall
44:03 Stronghold
44:04 Stronghold
44:04 Stronghold
44:08 Orc Burrow
44:09 Orc Burrow
44:11 Orc Burrow
44:13 Orc Burrow
44:45 Watch Tower
44:46 Watch Tower
44:52 Watch Tower
44:55 Watch Tower
46:32 Altar of Storms
46:34 Watch Tower
47:05 Spirit Lodge
47:39 Fortress
47:40 Watch Tower
47:42 Beastiary
47:53 Watch Tower
47:57 Watch Tower
49:13 Beastiary
49:14 Watch Tower
50:58 Watch Tower
52:43 Great Hall
53:20 Great Hall
54:12 Orc Burrow
54:39 Watch Tower
54:42 Watch Tower
54:43 Watch Tower
54:44 Watch Tower
54:45 Watch Tower
54:46 Watch Tower
54:49 Watch Tower
54:50 Watch Tower
54:51 Watch Tower
» items
| Healing Salve | 3 | |
| Lesser Clarity Potion | 9 | |
| Boots of Speed | 1 | |
| Staff of Teleportation | 2 | |
| Orb of Lightning | 1 | |
| Potion of Healing | 1 | |
| Potion of Mana | 1 | |
18 total
team 2 (loser)
QUITNOW (
pink | 49 APM | 2819 actions | 57:27)
5 Keeper of the Grove
2 Force of Nature
3 Entangling Roots
» actions
| Assign group hotkey | 66 | |
| Basic commands | 105 | |
| Build / train | 208 | |
| Enter build submenu | 37 | |
| Enter hero's abilities submenu | 6 | |
| Remove unit from queue | 8 | |
| Right click | 1350 | |
| Select / deselect | 706 | |
| Select group hotkey | 168 | |
| Use ability | 165 | |
2819 total
» units
| Wisp | 91 | |
| Huntress | 7 | |
| Druid of the Claw | 22 | |
| Glaive Thrower | 13 | |
| Hippogryph | 10 | |
| Dryad | 6 | |
| Chimaera | 25 | |
| Mountain Giant | 4 | |
178 total
» upgrades
| Reinforced Hides | 3 | |
| Strength of the Wild | 3 | |
| Druid of the Claw Training | 2 | |
| Mark of the Claw | 1 | |
| Vorpal Blades | 1 | |
| Corrosive Breath | 1 | |
| Resistant Skin | 1 | |
| Hardened Skin | 1 | |
13 total
» buildings
| Moon Well | 9 | |
| Altar of Elders | 1 | |
| Ancient of War | 1 | |
| Hunter's Hall | 1 | |
| Tree of Ages | 1 | |
| Tree of Life | 3 | |
| Ancient of Lore | 4 | |
| Tree of Eternity | 1 | |
| Ancient of Wind | 3 | |
| Ancient Protector | 8 | |
| Chimaera Roost | 3 | |
| Ancient of Wonders | 1 | |
36 total
» build order
00:09 Moon Well
00:11 Altar of Elders
00:26 Ancient of War
01:41 Hunter's Hall
02:07 Moon Well
02:28 Moon Well
03:45 Moon Well
04:57 Tree of Ages
07:46 Tree of Life
08:49 Ancient of Lore
09:03 Ancient of Lore
09:26 Tree of Eternity
10:50 Tree of Life
16:24 Ancient of Wind
17:38 Ancient of Wind
20:22 Moon Well
20:26 Moon Well
21:21 Ancient Protector
21:44 Ancient Protector
21:56 Ancient Protector
22:12 Ancient Protector
22:55 Ancient Protector
23:53 Moon Well
23:55 Moon Well
25:46 Ancient of Wind
28:38 Ancient Protector
29:09 Moon Well
29:16 Ancient Protector
29:20 Ancient Protector
32:49 Chimaera Roost
32:51 Chimaera Roost
34:12 Chimaera Roost
50:03 Ancient of Lore
50:25 Ancient of Wonders
50:32 Ancient of Lore
54:14 Tree of Life
Chat log
(00:18 / All) QUITNOW: gl
(06:02 / All) dogsandhorse.ru: lol
(06:24 / All) dogsandhorse.ru: lol
(08:27 / All) QUITNOW: awsome
(08:31 / All) dogsandhorse.ru: "awesome"
(14:09 / All) dogsandhorse.ru: you missed
(15:58 / All) dogsandhorse.ru: hehe
(16:40 / All) dogsandhorse.ru: what happened to that wisp
(16:42 / All) dogsandhorse.ru: it just exploded
(18:39 / All) dogsandhorse.ru: careful!
(20:15 / All) dogsandhorse.ru: killing wisps is a hobby of mine
(21:55 / All) dogsandhorse.ru: so
(21:57 / All) dogsandhorse.ru: where you from?
(24:46 / All) dogsandhorse.ru: lol
(32:20 / All) dogsandhorse.ru: careful!
(32:32 / All) dogsandhorse.ru: don't die
(32:38 / All) dogsandhorse.ru: i let u live
(33:18 / All) dogsandhorse.ru: listen
(33:23 / All) dogsandhorse.ru: i'm building a great forest city
(33:31 / All) dogsandhorse.ru: don't get involved
(33:35 / All) dogsandhorse.ru: it will just make things messy
(36:36 / All) dogsandhorse.ru: leave my forest town
(36:42 / All) dogsandhorse.ru: i warned you
(41:57 / All) dogsandhorse.ru: uh oh
(41:58 / All) dogsandhorse.ru: lol
(42:02 / All) dogsandhorse.ru: run away
(47:09 / All) dogsandhorse.ru: in the deepest jungle
(47:15 / All) dogsandhorse.ru: a troll cave is building
(48:27 / All) dogsandhorse.ru: lol
(48:58 / All) dogsandhorse.ru: it's a miracle
(49:02 / All) dogsandhorse.ru: thank you shanto
(49:28 / All) dogsandhorse.ru: freakin
(49:30 / All) dogsandhorse.ru: broodlords
(49:44 / All) dogsandhorse.ru: a cave troll begins to awaken
(49:51 / All) dogsandhorse.ru: in the deepest part of jungle cave
(50:13 / All) dogsandhorse.ru: rrrreeeeaaaarrrr
(50:53 / All) dogsandhorse.ru: hehe
(51:02 / All) dogsandhorse.ru: just gonna go ahead and cheese it
(51:37 / All) dogsandhorse.ru: lol.
(55:18 / All) dogsandhorse.ru: no sorry
(57:08 / All) dogsandhorse.ru: flee nuada
(57:18 / All) QUITNOW: GG?
(57:24 / All) dogsandhorse.ru: sure
(57:25 / All) dogsandhorse.ru: bye